 Dungeon Crawl Stone Soup version 0.21-a0-504-g2eda330 (webtiles) character file.

32 sagitran the Chiller (level 3, 0/24 HPs)
             Began as a Barachi Ice Elementalist on Nov 25, 2017.
             Slain by a bat (1 damage)
             ... on level 2 of the Dungeon.
             The game lasted 00:06:17 (846 turns).

sagitran the Chiller (Barachi Ice Elementalist)      Turns: 846, Time: 00:06:18

Health: 0/24       AC:  4    Str: 10    XL:     3   Next: 25%
Magic:  2/6        EV: 12    Int: 15    God:
Gold:   116        SH:  0    Dex: 12    Spells: 4/7 levels left

rFire    . . .     SeeInvis .   (no weapon)
rCold    . . .     Gourm    .   (no shield)
rNeg     . . .     Faith    .   i - +0 leather armour
rPois    .         Spirit   .   m - +0 helmet
rElec    .         Reflect  .   (no cloak)
rCorr    .         Harm     .   (no gloves)
MR       .....                  (no boots)
Stlth    ++........             (no amulet)
HPRegen  0.08/turn              (no ring)
MPRegen  0.10/turn              (no ring)

@: hasted, very quick
A: +LOS, swims, slowness 1, strong legs 1
a: Hop


You were on level 2 of the Dungeon.
You were not hungry.

You visited 1 branch of the dungeon, and saw 2 of its levels.

You collected 116 gold pieces.

Inventory:

Missiles
 e - 47 arrows
Armour
 a - a +0 robe
 i - a +0 leather armour (worn)
 m - a +0 helmet (worn)
Scrolls
 d - a scroll of immolation {unknown}
 f - 2 scrolls of remove curse
 h - a scroll of fear {unknown}
 l - a scroll of fog {unknown}
Potions
 k - a potion of agility {unknown}
Books
 b - a book of Frost

   Spells                             Type                      Level
   a - Freeze                         Ice                          1
   b - Throw Frost                    Conjuration/Ice              2
   c - Ozocubu's Armour               Charms/Ice                   3
   d - Throw Icicle                   Conjuration/Ice              4
   e - Summon Ice Beast               Ice/Summoning                4
Comestibles
 c - a bread ration
 g - 6 fruits
 n - a royal jelly


   Skills:
 + Level 0.1 Armour
 + Level 2.6 Dodging
 + Level 1.8 Stealth
 + Level 0.1 Unarmed Combat
 + Level 2.5 Spellcasting
 + Level 1.1 Conjurations
 + Level 4.5 Ice Magic


You had 4 spell levels left.
You knew the following spells:

 Your Spells              Type           Power        Failure   Level  Hunger
a - Freeze                Ice            ###.         4%          1    #......
b - Throw Frost           Conj/Ice       ##....       14%         2    ###....


Dungeon Overview and Level Annotations

Branches:
Dungeon (2/15)

Altars:


Innate Abilities, Weirdness & Mutations

Shadows flee at your approach. (+LOS)
You can swim through water.
You cover ground slowly.
You can hop short distances.


Message History

The jackal bites you but does no damage.
The quokka closely misses you.
You closely miss the jackal.
The jackal is heavily wounded.
The bat closely misses you.
The jackal bites you but does no damage.
The quokka bites you.
* * * LOW HITPOINT WARNING * * *
The jackal bites you but does no damage.
It was a potion of haste.
You feel yourself speed up. The bat hits you.
* * * LOW HITPOINT WARNING * * *
The quokka bites you.
* * * LOW HITPOINT WARNING * * *
The jackal bites you.
* * * LOW HITPOINT WARNING * * *
Your magical contamination has completely faded away.
The bat closely misses you.
Okay, then.
The bat hits you.
You die...

#....#............
....##.#........#######.
... # #........# ......
.. #........# ...... #
#........# ......
#.#........#.......
#..........#.......
..##........#..[.... .
+....@b...........
#####......#......
#.rh†..# .....
............# ....
.........$..# ...
............# .#
....###..(...# # ....
#......# ... #......#


You could see a quokka, a jackal and a bat.

Vanquished Creatures
  An adder (D:2)
  An ooze (D:1)
  A giant cockroach (D:2)
  3 goblins
  4 hobgoblins (D:1)
  A jackal (D:2)
  3 bats (D:1)
  2 frilled lizards (D:1)
  3 rats
19 creatures vanquished.

Notes
Turn   | Place    | Note
-------+----------+-------------------------------------------
     0 | D:1      | sagitran the Barachi Ice Elementalist began the quest for the Orb.
     0 | D:1      | Reached XP level 1. HP: 13/13 MP: 3/3
   224 | D:1      | Reached skill level 4 in Ice Magic
   280 | D:1      | Reached XP level 2. HP: 19/19 MP: 1/5
   297 | D:1      | Learned a level 2 spell: Throw Frost
   826 | D:2      | Reached XP level 3. HP: 22/24 MP: 0/6
   844 | D:2      | HP: 1/24 [jackal (1)]
   846 | D:2      | Slain by a bat

Vault maps used:
D:1:      dpeg_arrival_houses_and_road
D:2:      grunt_temple_overflow_order_and_chaos_1

Skill      XL: |  1 |
---------------+----+-----
Ice Magic      | 4 |  4.5
Armour         | |  0.1
Dodging        | |  2.6
Stealth        | |  1.8
Unarmed Combat | |  0.1
Spellcasting   | |  2.5
Conjurations   | |  1.1

Action                   || total
-------------------------++-------
Melee: Unarmed           ||    37
 Cast: Freeze            ||    17
       Throw Frost       ||     6
  Use: Scroll            ||     1
       Potion            ||     1
  Eat: Chunk             ||     1
Armor: Leather armour    ||    29
Dodge: Dodged            ||    63

Table legend:
 A = Spawn XP
 B = Non-spawn XP
 C = Spawn XP percentage of total XP
 D = Spawn monster count
 E = Non-spawn monster count
 F = Spawn count percentage of total count
 G = Total turns spent on level
                    A         B        C        D         E        F      G
               +---------+---------+-------+---------+---------+-------+---------
         Total |       0 |      46 |   0.0 |       0 |      19 |   0.0 |   846
               +---------+---------+-------+---------+---------+-------+---------
           D:1 |       0 |      27 |   0.0 |       0 |      14 |   0.0 |   736
           D:2 |       0 |      19 |   0.0 |       0 |       5 |   0.0 |   110
               +---------+---------+-------+---------+---------+-------+---------
